 Dungeon Crawl Stone Soup version 0.29-a0-356-g7bc237e783 (webtiles) character file.

Game seed: 9155094097002647950

7 spaghetti the Sneak (level 2, 26/26 HPs)
             Began as a Gnoll Wanderer on Apr 26, 2022.
             Quit the game on level 1 of the Dungeon.
             The game lasted 00:00:59 (344 turns).

spaghetti the Sneak (Gnoll Wanderer)                 Turns: 344, Time: 00:00:59

Health: 26/26      AC:  3    Str:  9    XL:     2   Next: 4%
Magic:  2/2        EV: 10    Int:  7    God:
Gold:   5          SH:  5    Dex: 17    Spells: 1/1 levels left

rFire   . . .      SeeInvis .   a - +0 dagger {short}
rCold   . . .      Faith    .   e - +0 buckler
rNeg    . . .      Spirit   .   g - +0 leather armour
rPois   .          Reflect  .   (no helmet)
rElec   .          Harm     .   (no cloak)
rCorr   .          Rampage  .   (no gloves)
Will    .....                   (no boots)
Stlth   ++++......              (no amulet)
HPRegen 0.08/turn               (no ring)
MPRegen 0.08/turn               (no ring)

@: no status effects
A: fangs 1, strong nose, distributed training
a: no special abilities


You were on level 1 of the Dungeon.
You visited 1 branch of the dungeon, and saw 1 of its levels.

You collected 5 gold pieces.


Innate Abilities, Weirdness & Mutations

You have very sharp teeth.
Your uncanny sense of smell can sniff out nearby items.
Your experience applies equally to all skills.


   Skills:
 + Level 4.4 Fighting
 + Level 4.4 Short Blades
 + Level 0.2 Long Blades
 + Level 0.2 Axes
 + Level 0.2 Maces & Flails
 + Level 0.2 Polearms
 + Level 0.2 Staves
 + Level 0.2 Slings
 + Level 0.2 Bows
 + Level 0.2 Crossbows
 + Level 0.2 Throwing
 + Level 0.2 Armour
 + Level 0.2 Dodging
 + Level 7.7 Stealth
 + Level 2.4 Shields
 + Level 0.2 Unarmed Combat
 + Level 0.2 Spellcasting
 + Level 0.1 Conjurations
 + Level 0.1 Hexes
 + Level 0.1 Summonings
 + Level 0.1 Necromancy
 + Level 0.1 Translocations
 + Level 0.1 Transmutations
 + Level 0.1 Fire Magic
 + Level 0.1 Ice Magic
 + Level 0.1 Air Magic
 + Level 0.1 Earth Magic
 + Level 0.1 Poison Magic
 + Level 0.3 Invocations
 + Level 2.4 Evocations


You had one spell level left.
You didn't know any spells.
Your spell library was empty.

Inventory:

Hand Weapons
 a - a +0 dagger (weapon) {short}
 d - a +0 short sword {short}
Missiles
 b - an atropa-tipped dart (quivered) {throwing}
 c - 2 datura-tipped darts {throwing}
 h - 2 poisoned darts {throwing}
 i - 19 stones {throwing}
Armour
 e - a +0 buckler (worn)
 g - a +0 leather armour (worn)
Scrolls
 f - a scroll of fear
 j - 2 scrolls of identify {unknown}
Potions
 k - a potion of flight {unknown}
 l - a potion of curing {unknown}

Dungeon Overview and Level Annotations

Branches:
Dungeon (1/15)

Altars:

......... ##
........# #. ..##
#.###.# #. ... .
#)# #. ..##...###.#
#. ............ #.
..###......#
#†#####...######..#
#.@................
#h####(...#########
#. #.#.## #h #.#.#
#. #.#.# #.
#.#.########## #.
#.#.##.......† #.
#.#.##.#######
#......# #


You could see 2 jackals.


Message History

You are too injured to fight recklessly!
You are too injured to fight recklessly!
You hit the hobgoblin.
The hobgoblin hits you but does no damage.
You hit the hobgoblin.
You kill the hobgoblin!
You see here a hobgoblin corpse.
There is an open door here.
Key pressed, stopping explore.
j - a scroll labelled QOM DIFFYHAU 😎 HP[+4]
Your hp is fully restored (20).
You open the door.
Found a faded altar of an unknown god.
There is an open door here.
There is an open door here.
You see here a hobgoblin corpse.
j - 2 scrolls labelled QOM DIFFYHAU (gained 1)
Found a stone staircase leading down.
No target in view!
k - a fuming red potion
There is a stone staircase leading down here.
A bat comes into view.
A bat is nearby!
A bat is nearby!
A goblin comes into view. It is wielding a +0 club.
The bat hits you. You block the bat's attack.
The bat hits you but does no damage. 😕 HP[-1]
You take 1 damage, and now have 19/20 hp.
You hit the bat. You block the bat's attack.
The goblin shouts!
The bat closely misses you. The bat barely misses you.
The goblin barely misses you.
You closely miss the goblin. The bat barely misses you.
You hit the goblin.
You kill the goblin!
You block the bat's attack. The bat closely misses you.
Things that are here:
a +0 club {mace}; a goblin corpse The bat closely misses you. 😎 HP[+1]
Your hp is fully restored (20).
You hit the bat. You bite the bat, but do no damage.
The bat closely misses you. You block the bat's attack.
You closely miss the bat. The bat barely misses you.
The bat hits you but does no damage.
You miss the bat. The bat hits you but does no damage.
The bat barely misses you.
You hit the bat.
You kill the bat!
Things that are here:
a +0 club {mace}; a goblin corpse
l - a grey potion A ball python comes into view.
A ball python is nearby!
The ball python hisses angrily.
The ball python misses you. The ball python grabs you.
The ball python constricts you. 😕 HP[-1]
You take 1 damage, and now have 19/20 hp.
You are too injured to fight recklessly!
You are too injured to fight recklessly!
You are too injured to fight recklessly!
You are too injured to fight recklessly!
You are too injured to fight recklessly!
You are too injured to fight recklessly!
You are too injured to fight recklessly!
You are too injured to fight recklessly!
You are too injured to fight recklessly!
You are too injured to fight recklessly!
You are too injured to fight recklessly!
You are too injured to fight recklessly!
You are too injured to fight recklessly!
You are too injured to fight recklessly!
You are too injured to fight recklessly!
You hit the ball python.
You kill the ball python!
You see here a ball python corpse. 2 jackals come into view.
You see here 4 poisoned darts {throwing}. 😎 HP[+1]
Your hp is fully restored (20).
There are monsters nearby!
There are monsters nearby!
There are monsters nearby!
The helpless jackal fails to defend itself.
You skewer the jackal like a kebab!!!
You kill the jackal! 2 jackals come into view.
The helpless jackal fails to defend itself.
You perforate the jackal like a sieve!!!
You kill the jackal!
You have reached level 2! 😎 HP[+6] MP[+1]
You now have 26 max hp (+6).
Your hp is fully restored (26).
Your mp is fully restored (2).
Are you sure you want to abandon this character and quit the game? (Confirm with "yes".)

Action                   || total
-------------------------++-------
Melee: Dagger            ||    14
       Bite              ||     1
 Stab: Sleeping          ||     2
Armor: Leather armour    ||     4
Dodge: Dodged            ||    10
Block: Buckler           ||     4

Levels and vault maps discovered:
D:1:      minmay_arrival_doors, layout_loops_ring,
          dilly_ecumenical_altar_fadedgnrine, minmay_tiny_reverse_x

Notes
Turn   | Place    | Note
-------+----------+-------------------------------------------
     0 | D:1      | spaghetti the Gnoll Wanderer began the quest for the Orb.
     0 | D:1      | spaghetti set off with the following items: a +0 dagger
                  | {short}, an atropa-tipped dart {throwing}, 2 datura-tipped
                  | darts {throwing}, a +0 short sword {short}, a +0 buckler, a
                  | scroll of fear, a +0 leather armour
     0 | D:1      | Reached XP level 1. HP: 20/20 MP: 1/1
     0 | D:1      | magus.rc [v1.9.6]
   188 | D:1      | Found a faded altar of an unknown god.
   344 | D:1      | Reached XP level 2. HP: 26/26 MP: 2/2
   344 | D:1      | Quit the game

Vanquished Creatures
  A bat (D:1)
  A goblin (D:1)
  A hobgoblin (D:1)
  2 jackals (D:1)
  A ball python (D:1)
6 creatures vanquished.

Table legend:
 A = Non-vault XP
 B = Vault XP
 C = Vault XP percentage of total XP
 D = Non-vault monster count
 E = Vault monster count
 F = Vault count percentage of total count
                 A         B        C        D         E       F
            +---------+---------+-------+---------+---------+-------
      Total |      11 |       0 |   0.0 |       6 |       0 |   0.0
            +---------+---------+-------+---------+---------+-------
        D:1 |      11 |       0 |   0.0 |       6 |       0 |   0.0
            +---------+---------+-------+---------+---------+-------

Illustrated notes

Table legend:
 A = Kills in this place as a percentage of kills in entire the game.
 B = Kills by you in this place as a percentage of kills by you in the entire game.
 C = Kills by friends in this place as a percentage of kills by friends in the entire game.
 D = Other kills in this place as a percentage of other kills in the entire game.
 E = Experience gained in this place as a percentage of experience gained in the entire game.
 F = Experience gained in this place divided by the number of levels of this place that you have seen.
                   A       B       C       D       E      F
               +-------+-------+-------+-------+-------+----------------------
         Total | 100.0 | 100.0 |   N/A |   N/A | 100.0 |  11.0
       Dungeon | 100.0 | 100.0 |   N/A |   N/A | 100.0 |  11.0
               +-------+-------+-------+-------+-------+----------------------

Table legend: (Time is in decaauts)
 A = Elapsed time spent in this place.
 B = Non-inter-level travel time spent in this place.
 C = Inter-level travel time spent in this place.
 D = Time resting spent in this place.
 E = Time spent auto-exploring this place.
 F = Levels seen in this place.
 G = Mean time per level.
                   A        B        C        D        E       F      G
               +--------+--------+--------+--------+--------+-----+--------+
         Total |    341 |    341 |      0 |      0 |    302 |   1 |  341.0 |
       Dungeon |    341 |    341 |      0 |      0 |    302 |   1 |  341.0 |
               +--------+--------+--------+--------+--------+-----+--------+

Top non-repeatable levels by time:
     D:1: 341 daAuts
